 Dungeon Sprint DCSS version 0.27-a0-550-ge92ec0ca06 (webtiles) character file.

Game seed: 14511001640104426224

37511 mhtbhm the Executioner (level 13, -6/145 HPs)
             Began as a Minotaur Fighter on Mar 7, 2021.
             Was the Champion of Trog.
             Shot with a bolt by a yaktaur (22 damage)
             ... led by a yaktaur captain
             ... in the Dungeon (Sprint VII: "The Pits").
             The game lasted 00:09:20 (3405 turns).

mhtbhm the Executioner (Minotaur Fighter)           Turns: 3405, Time: 00:09:21

Health: -6/145     AC: 15    Str: 23 (24) XL:     13   Next: 58%
Magic:  4/4        EV: 14    Int:  5      God:    Trog [******]
Gold:   10         SH: 15    Dex:  9 (10) Spells: 12/12 levels left

rFire    + . .     SeeInvis .   a - +6 broad axe (antimagic)
rCold    . . .     Faith    +   c - +0 kite shield
rNeg     . . .     Spirit   .   b - +4 chain mail
rPois    .         Reflect  .   (helmet restricted)
rElec    .         Harm     .   (no cloak)
rCorr    .         Rampage  .   p - +0 pair of gloves
Will     .....     NoTele   +   (no boots)
Stlth    ..........             A - amulet of faith
HPRegen  0.34/turn              x - ring of protection from fire
MPRegen  0.09/turn              o - +3 ring of evasion

@: berserk cooldown, very slightly contaminated, slowed, very slow
A: horns 2, deformed body, deterioration 2, screaming 1, weak 1, retaliatory
headbutt
a: Renounce Religion, Berserk, Trog's Hand, Brothers in Arms


You were in the Dungeon.
You worshipped Trog.
Trog was exalted by your worship.
You visited 1 branch You collected 10 gold pieces.

Inventory:

Hand Weapons
 a - a +6 antimagic broad axe (weapon)
 D - a +3 dire flail of holy wrath
Missiles
 m - 14 poisoned darts
 q - 4 throwing nets (quivered)
 s - a curare-tipped dart
Armour
 b - a +4 chain mail (worn)
 c - a +0 kite shield (worn)
 p - a +0 pair of gloves (worn)
Jewellery
 o - a +3 ring of evasion (right hand)
 x - a ring of protection from fire (left hand)
 y - a ring of willpower
 A - an amulet of faith (around neck)
Wands
 r - a wand of acid (13)
Scrolls
 j - 2 scrolls of blinking
 l - a scroll of summoning
 t - 2 scrolls of fear
 v - 2 scrolls of enchant weapon
 w - a scroll of fog
 z - a scroll of enchant armour
 B - a scroll of identify
Potions
 d - 2 potions of might
 e - 8 potions of curing
 f - 10 potions of heal wounds
 g - a potion of haste
 h - 6 potions of magic
 i - 6 potions of berserk rage
 k - a potion of invisibility
 u - a potion of resistance
Miscellaneous
 n - a tin of tremorstones (2/2)
 C - a phial of floods


   Skills:
 + Level 21.7 Fighting
 + Level 23.0 Axes
 + Level 16.9 Armour
 + Level 8.4 Dodging
 + Level 2.6 Stealth
 + Level 19.1 Shields


You had 12 spell levels left.
You didn't know any spells.
Your spell library was empty.

Dungeon Overview and Level Annotations

Branches:
Dungeon (1/1)

Altars:
Ashenzari
Cheibriados
Dithmenos
Elyvilon
Fedhas
Gozag
Hepliaklqana
Kikubaaqudgha
Makhleb
Nemelex Xobeh
Okawaru
Qazlal
Ru
Sif Muna
Trog
Uskayaw
Vehumet
Wu Jian
Xom
Yredelemnul
Zin
The Shining One
Beogh
Jiyva
Lugonu


Innate Abilities, Weirdness & Mutations

You have a pair of horns on your head.
You reflexively headbutt those who attack you in melee.
Armour fits poorly on your strangely shaped body.
Your body often deteriorates upon taking damage.
You occasionally shout uncontrollably at your foes.
You are weak. (Str -2)


Message History

Your troll claws the yaktaur.
The yaktaur dies!
Trog accepts your kill.
The yaktaur captain shoots a bolt.
The bolt hits you!!
* * * LOW HITPOINT WARNING * * *
The yaktaur shoots a bolt.
The bolt hits you!
* * * LOW HITPOINT WARNING * * *
The yaktaur shoots a bolt.
You block the bolt.
Your troll bites the yaktaur!!
Your troll claws the yaktaur. x2
Your Axes skill increases to level 23!
Blink to where?
Press: ? - help, Dir - move target
As you read the scroll of blinking, it crumbles to dust.
The orc knight shoots a bolt.
The bolt hits your troll!! Something barely misses your troll.
Your troll barely misses the orc knight.
Your troll closely misses the orc knight.
Your troll claws the orc knight.
Something hits your troll.
Okay, then.
Okay, then.
You feel much better.
Your troll bites the orc knight!!
Your troll claws the orc knight! x2; The yaktaur unwields a +0 arbalest.
The yaktaur hits your troll.
The orc knight unwields a +0 arbalest.
The orc knight wields a +0 bardiche.
The orc knight hits your troll with a +0 bardiche!!
Your troll bites the orc knight but does no damage.
Your troll claws the orc knight!
Your troll closely misses the orc knight.
Something barely misses your troll.
Something hits your troll but does no damage.
The yaktaur closely misses your troll.
Your troll misses the orc knight.
Your troll claws the orc knight! x2
The orc knight dies!
Trog accepts your kill.
Unknown command.
As you read the scroll of fog, it crumbles to dust.
The scroll dissolves into smoke.
Your troll barely misses the yaktaur.
Your troll claws the yaktaur!
Your troll claws the yaktaur.
The yaktaur shoots a bolt.
The bolt hits you!!
You die...

# #.# # #'# # #)# + #'# + #.# #
#'#
###############################'#
...............§§§..............#
.)[............§@§..............#
##############'§##############).#
# #.))).)..# #..# # #..)).)..#
#..# # ####)c#### #..# #
#...)T)c.# #..# # .......c)c.....
#..# # ...#........#.. #..# # ##
####..#### # #..#


You could see 2 yaktaurs and a friendly troll (summoned, berserk).

Vanquished Creatures
  An orb of fire (D)
  2 pandemonium lords (D)
  A deep elf master archer (D)
  A nagaraja (D)
  An angel (D)
  Harold (D)
  A rakshasa (D)
  A death knight (D)
  A dancing weapon (D)
  A vampire mage (D)
  A death yak (D)
  An orc high priest (D)
  3 skeletal warriors (D)
  A deep troll (D)
  A swamp dragon (D)
  A sea snake (D)
  2 deep elf zephyrmancers (D)
  An orc knight (D)
  A lindwurm (D)
  An orc sorcerer (D)
  Maurice (D)
  An elephant (D)
  A cane toad (D)
  A rime drake (D)
  2 yaktaurs (D)
  2 kobold demonologists (D)
  A komodo dragon (D)
  A hellwing (D)
  A troll (D)
  2 ice devils (D)
  2 jumping spiders (D)
  A tyrant leech (D)
  4 redbacks (D)
  A shadow (D)
  A vampire (D)
  A wraith (D)
  2 steam dragons (D)
  2 neqoxecs (D)
  An acid dragon (D)
  2 floating eyes (D)
  A swamp drake (D)
  An orc warrior (D)
  A black bear (D)
  A black bear (shapeshifter) (D)
  A necrophage (D)
  A phantom (D)
  4 kobold brigands (D)
  3 wights (D)
  An iron imp (D)
  A gnoll shaman (D)
  Jessica (D)
  3 orc wizards (D)
  A worker ant (D)
  A mummy (D)
  7 gnolls (D)
  2 white imps (D)
  3 oozes (D)
  9 orcs (D)
  A ball python (D)
  A bat zombie (D)
  A goblin (D)
  2 jackals (D)
  2 quokkas (D)
  A bat (D)
  A frilled lizard (D)
  4 kobolds (D)
  A quokka skeleton (D)
110 creatures vanquished.

Vanquished Creatures (collateral kills)
  An orc warlord (D)
  A merfolk impaler (D)
  6 orc knights (D)
  A yaktaur (D)
  3 merfolk (D)
12 creatures vanquished.

Vanquished Creatures (others)
  An orc warlord (D)
  A vault guard (D)
  2 orc knights (D)
  A fire elemental (D)
5 creatures vanquished.

Grand Total: 127 creatures vanquished

Notes
Turn   | Place    | Note
-------+----------+-------------------------------------------
     0 | D        | mhtbhm the Minotaur Fighter began the quest for the Orb.
     0 | D        | Reached XP level 1. HP: 19/19 MP: 0/0
    16 | D        | Found a bloodstained altar of Trog.
    16 | D        | Found a shimmering blue altar of Sif Muna.
    16 | D        | Found a viscous altar of Jiyva.
    16 | D        | Found a hazy altar of Hepliaklqana.
    16 | D        | Found an opulent altar of Gozag.
    17 | D        | Found a glowing golden altar of the Shining One.
    17 | D        | Found a glowing silver altar of Zin.
    17 | D        | Found a basalt altar of Yredelemnul.
    17 | D        | Found a shimmering altar of Xom.
    17 | D        | Found an ornate altar of the Wu Jian Council.
    17 | D        | Found a sacrificial altar of Ru.
    17 | D        | Found a stormy altar of Qazlal.
    17 | D        | Found an iron altar of Okawaru.
    17 | D        | Found a sparkling altar of Nemelex Xobeh.
    17 | D        | Found a burning altar of Makhleb.
    17 | D        | Found a blossoming altar of Fedhas.
    17 | D        | Found a white marble altar of Elyvilon.
    17 | D        | Found a shadowy altar of Dithmenos.
    17 | D        | Found a snail-covered altar of Cheibriados.
    19 | D        | Found a radiant altar of Vehumet.
    19 | D        | Found a corrupted altar of Lugonu.
    21 | D        | Became a worshipper of Trog the Wrathful
    56 | D        | Noticed a floating eye
    58 | D        | Paralysed by a floating eye for 2 turns
    62 | D        | Paralysed by a floating eye for 4 turns
    70 | D        | Killed a floating eye
    71 | D        | Reached skill level 4 in Axes
    71 | D        | Reached XP level 2. HP: 31/34 MP: 1/1
    71 | D        | Reached XP level 3. HP: 36/39 MP: 2/2
    71 | D        | Reached XP level 4. HP: 43/47 MP: 3/3
   100 | D        | Reached * piety under Trog
   101 | D        | Reached skill level 1 in Dodging
   112 | D        | Reached ** piety under Trog
   113 | D        | Reached XP level 5. HP: 52/52 MP: 4/4
   117 | D        | Reached *** piety under Trog
   118 | D        | Reached skill level 5 in Axes
   223 | D        | Noticed Jessica
   229 | D        | Noticed a necrophage
   231 | D        | Noticed a phantom
   232 | D        | Reached **** piety under Trog
   233 | D        | Reached skill level 6 in Axes
   235 | D        | Reached skill level 7 in Axes
   235 | D        | Reached XP level 6. HP: 63/63 MP: 5/5
   241 | D        | Killed Jessica
   241 | D        | Reached ***** piety under Trog
   248 | D        | Reached skill level 8 in Axes
   249 | D        | Reached skill level 10 in Fighting
   253 | D        | Received a gift from Trog
   254 | D        | Reached skill level 9 in Axes
   298 | D        | Noticed a steam dragon
   303 | D        | Killed a steam dragon
   304 | D        | Reached XP level 7. HP: 51/73 MP: 6/6
   420 | D        | Reached skill level 10 in Axes
   420 | D        | Reached skill level 10 in Shields
   427 | D        | Noticed a tyrant leech
   427 | D        | Noticed a redback
   434 | D        | Killed a redback
   434 | D        | Received a gift from Trog
   435 | D        | Reached skill level 10 in Armour
   438 | D        | Killed a tyrant leech
   439 | D        | Reached skill level 11 in Axes
   439 | D        | Reached XP level 8. HP: 82/82 MP: 7/7
   766 | D        | Found a hide-covered altar of Uskayaw.
   766 | D        | Found an ancient bone altar of Kikubaaqudgha.
   766 | D        | Found a broken altar of Ashenzari.
   794 | D        | Noticed a komodo dragon
   802 | D        | Killed a komodo dragon
   803 | D        | Reached skill level 12 in Axes
   867 | D        | Noticed a hellwing
   876 | D        | Killed a hellwing
   877 | D        | Reached skill level 13 in Axes
   879 | D        | Gained mutation: You are weak. (Str -2) [a neqoxec]
   883 | D        | Reached XP level 9. HP: 90/90 MP: 8/8
   925 | D        | Received a gift from Trog
   931 | D        | Reached skill level 14 in Axes
  1196 | D        | Noticed a nagaraja
  1196 | D        | Noticed an ice devil
  1196 | D        | Noticed a deep troll
  1209 | D        | Killed a deep troll
  1210 | D        | Reached skill level 15 in Axes
  1210 | D        | Killed a nagaraja
  1210 | D        | Reached ****** piety under Trog
  1211 | D        | Reached skill level 16 in Axes
  1211 | D        | Reached skill level 1 in Stealth
  1211 | D        | Reached XP level 10. HP: 43/101 MP: 9/9
  1547 | D        | Reached skill level 5 in Dodging
  1550 | D        | Received a gift from Trog
  1556 | D        | Noticed a lindwurm
  1566 | D        | Killed a lindwurm
  1567 | D        | Reached skill level 17 in Axes
  1663 | D        | Noticed a sea snake
  1669 | D        | Killed a sea snake
  1998 | D        | Received a gift from Trog
  2114 | D        | Noticed a death yak
  2121 | D        | Killed a death yak
  2130 | D        | Noticed a deep elf zephyrmancer
  2138 | D        | Killed a deep elf zephyrmancer
  2138 | D        | Received a gift from Trog
  2139 | D        | Reached skill level 18 in Axes
  2139 | D        | Reached XP level 11. HP: 111/111 MP: 10/10
  2153 | D        | Noticed a deep elf zephyrmancer
  2153 | D        | Noticed Harold
  2154 | D        | Noticed a death knight
  2162 | D        | Reached skill level 15 in Fighting
  2162 | D        | Killed a deep elf zephyrmancer
  2162 | D        | Received a gift from Trog
  2167 | D        | Killed a death knight
  2168 | D        | Reached skill level 15 in Shields
  2170 | D        | Killed Harold
  2382 | D        | Noticed Maurice
  2382 | D        | Noticed a swamp dragon
  2382 | D        | Noticed an orc sorcerer
  2387 | D        | Noticed an orc high priest
  2391 | D        | Received a gift from Trog
  2391 | D        | Noticed a vampire mage
  2395 | D        | Noticed a soul eater
  2398 | D        | Killed a swamp dragon
  2399 | D        | Killed Maurice
  2400 | D        | Reached skill level 19 in Axes
  2402 | D        | Killed an orc sorcerer
  2410 | D        | Killed an orc high priest
  2423 | D        | Killed a vampire mage
  2423 | D        | Received a gift from Trog
  2436 | D        | Received a gift from Trog
  2748 | D        | Noticed a skeletal warrior
  2748 | D        | Noticed a skeletal warrior
  2748 | D        | Noticed a skeletal warrior
  2748 | D        | Noticed a +3 dire flail of holy wrath
  2748 | D        | Noticed an angel
  2748 | D        | Noticed a rakshasa
  2748 | D        | Gained mutation: Your body sometimes deteriorates upon
                  | taking damage. [a neqoxec]
  2751 | D        | Received a gift from Trog
  2765 | D        | Killed an angel
  2766 | D        | Reached XP level 12. HP: 127/127 MP: 3/11
  2770 | D        | Killed a rakshasa
  2771 | D        | Reached skill level 20 in Axes
  2771 | D        | Received a gift from Trog
  2857 | D        | Noticed Haugauro the pandemonium lord
  2857 | D        | Paralysed by Haugauro for 2 turns
  2871 | D        | Killed Haugauro the pandemonium lord
  2872 | D        | Reached skill level 15 in Armour
  3019 | D        | Noticed Guamy the pandemonium lord
  3035 | D        | Killed Guamy the pandemonium lord
  3036 | D        | Reached skill level 21 in Axes
  3086 | D        | Noticed a deep elf master archer
  3097 | D        | Killed a deep elf master archer
  3098 | D        | Reached XP level 13. HP: 80/139 MP: 4/12
  3278 | D        | Noticed an orb of fire
  3280 | D        | Gained mutation: Your body often deteriorates upon taking
                  | damage. [an orb of fire]
  3286 | D        | Gained mutation: Armour fits poorly on your strangely
                  | shaped body. [an orb of fire]
  3295 | D        | Gained mutation: You occasionally shout uncontrollably at
                  | your foes. [an orb of fire]
  3297 | D        | Killed an orb of fire
  3298 | D        | Reached skill level 22 in Axes
  3374 | D        | Noticed an orc warlord
  3375 | D        | Noticed an orc warlord
  3375 | D        | Noticed a merfolk impaler
  3379 | D        | Received a gift from Trog
  3385 | D        | Killed a merfolk impaler
  3386 | D        | Received a gift from Trog
  3394 | D        | Killed an orc warlord
  3395 | D        | Received a gift from Trog
  3396 | D        | Killed an orc warlord
  3401 | D        | HP: 3/145 [yaktaur/bolt[a yaktaur captain] (11)]
  3403 | D        | Reached skill level 23 in Axes
  3405 | D        | Shot with a bolt by a yaktaur

Illustrated notes

Levels and vault maps discovered:
D:        pitsprint [storerooms_1, entrance_room_1, metal_vault_7, armoury_2,
          mini_pit_1, grid_room_1, main_hall_1, silver_pit, the_coven_2,
          the_vestibule_1, steel_vault_4, golden_pit, hallway_of_sentries,
          crystal_vault_1, iron_vault_3, final_vault]

Skill      XL: |  1  2  3  4  5  6  7  8  9 10 11 12 13 |
---------------+----------------------------------------+-----
Fighting       | 7 9 10 11 12 13 14 17 20 21 | 21.7
Shields        | 6 7 8 9 10 11 13 14 16 18 19 | 19.1
Axes           | 4 7 9 11 13 16 18 19 21 23 | 23.0
Armour         | 6 7 8 9 10 11 12 13 14 16 | 16.9
Dodging        | 1 2 3 4 5 7 8 |  8.4
Stealth        | 1 2 |  2.6

Action                   |  1- 3 |  4- 6 |  7- 9 | 10-12 | 13-15 || total
-------------------------+-------+-------+-------+-------+-------++-------
Melee: Hand axe          |    10 |    43 |    21 |       |       ||    74
       Headbutt          |     1 |     8 |    16 |    33 |     7 ||    65
       War axe           |     1 |       |    48 |    58 |       ||   107
       Broad axe         |       |       |       |   132 |    30 ||   162
Invok: Berserk           |       |     2 |     4 |     5 |     2 ||    13
       Trog's Hand       |       |       |       |     2 |     2 ||     4
       Brothers in Arms  |       |       |       |     1 |     4 ||     5
  Use: Potion            |       |       |     4 |     1 |     6 ||    11
       Scroll            |       |       |       |       |     2 ||     2
 Stab: Invisible         |       |       |       |       |     3 ||     3
Armor: Scale mail        |    17 |     3 |       |       |       ||    20
       Chain mail        |       |    17 |    21 |    61 |     2 ||   101
Dodge: Dodged            |     8 |    17 |    22 |    49 |    11 ||   107
Block: Kite shield       |     6 |    18 |    38 |    84 |    20 ||   166

Table legend: (Time is in decaauts)
 A = Elapsed time spent in this place.
 B = Non-inter-level travel time spent in this place.
 C = Inter-level travel time spent in this place.
 D = Time resting spent in this place.
 E = Time spent auto-exploring this place.
 F = Levels seen in this place.
 G = Mean time per level.
                   A        B        C        D        E       F      G
               +--------+--------+--------+--------+--------+-----+--------+
         Total |   3438 |   3438 |      0 |   1965 |    276 |   1 | 3438.0 |
       Dungeon |   3438 |   3438 |      0 |   1965 |    276 |   1 | 3438.0 |
               +--------+--------+--------+--------+--------+-----+--------+

Top non-repeatable levels by time:
       D: 3438 daAuts
